3AAA
ALASKAN HUMPBACKS @ HIALEAH DODOS
08/17/2034
 
TOP OF THE 1ST
Alaskan Humpbacks batting - Pitching for Hialeah Dodos : RHP Carlos Garza
Pitching: RHP Carlos Garza
Batting: LHB Dallas Ihde 0-0: SOLO HOME RUN (Flyball, 9D), Distance : 381 ft
Batting: LHB Craig Morgan 0-0: Called Strike
0-1: Foul Ball, location: 2F
0-2: Ball
1-2: Fly out, F9 (Flyball, 89M)
Batting: RHB Sigi Lang 0-0: Called Strike
0-1: Ball
1-1: Foul Ball, location: 2F
1-2: DOUBLE (Line Drive, 78XD)
Batting: RHB Jimbob Ghostkeeper 0-0: Called Strike
Sigi Lang steals 3rd base
0-1: Ball
1-1: Ball
2-1: Swinging Strike
2-2: Ball
3-2: SINGLE (Line Drive, 7LS)
Sigi Lang scores
Batting: LHB Gabriel Amezquita 0-0: Ball
1-0: Grounds into double play, 6-4-3 (Groundball, 56)
Top of the 1st over - 2 runs, 3 hits, 0 errors, 0 left on base; Alaskan 2 - Hialeah 0
BOTTOM OF THE 1ST
Hialeah Dodos batting - Pitching for Alaskan Humpbacks : RHP Laurel Yanny
Pitching: RHP Laurel Yanny
Batting: SHB Luis Manuel Flores 0-0: Swinging Strike
0-1: Ball
1-1: Called Strike
1-2: Strikes out swinging
Batting: RHB Stephen McManus 0-0: Called Strike
0-1: Foul Ball, location: 2F
0-2: Ball
1-2: Strikes out swinging
Batting: RHB Jorge Salgado 0-0: SINGLE (Groundball, 6M) (infield hit)
Batting: LHB Errol Levick 0-0: Called Strike
Jorge Salgado steals 2nd base
0-1: Swinging Strike
0-2: Ball
1-2: Ball
2-2: Ball
3-2: Ground out 1-3 (Groundball, P)
Bottom of the 1st over - 0 runs, 1 hit, 0 errors, 1 left on base; Alaskan 2 - Hialeah 0
TOP OF THE 2ND
Alaskan Humpbacks batting - Pitching for Hialeah Dodos : RHP Carlos Garza
Batting: LHB Felipe Soto 0-0: Called Strike
0-1: Ball
1-1: Ball
2-1: Ball
3-1: Base on Balls
Batting: RHB Jon Moon 0-0: Ball
1-0: Called Strike
1-1: Fly out, F9 (Flyball, 9S)
Batting: RHB Lee Suárez 0-0: Called Strike
0-1: Ball
1-1: Swinging Strike
1-2: Grounds into double play, 5-4-3 (Groundball, 56)
Top of the 2nd over - 0 runs, 0 hits, 0 errors, 0 left on base; Alaskan 2 - Hialeah 0
BOTTOM OF THE 2ND
Hialeah Dodos batting - Pitching for Alaskan Humpbacks : RHP Laurel Yanny
Batting: RHB Owen Cannon 0-0: Ball
1-0: Ball
2-0: SINGLE (Groundball, 6MD)
Batting: RHB Aurelio Álvarez 0-0: Called Strike
0-1: Ball
1-1: Called Strike
1-2: Foul Ball, location: 2F
1-2: SINGLE (Line Drive, 8RS)
Owen Cannon to second
Batting: SHB Javier Gonzáles 0-0: Ball
1-0: Ball
2-0: Called Strike
2-1: Called Strike
2-2: Foul Ball, location: 2F
2-2: Strikes out looking
Batting: RHB Jack Head 0-0: Ball
Owen Cannon is caught stealing 3rd base
1-0: Foul Ball, location: 2F
1-1: Ball
2-1: Foul Ball, location: 2F
2-2: Fly out, F7 (Flyball, 7)
Bottom of the 2nd over - 0 runs, 2 hits, 0 errors, 1 left on base; Alaskan 2 - Hialeah 0
TOP OF THE 3RD
Alaskan Humpbacks batting - Pitching for Hialeah Dodos : RHP Carlos Garza
Batting: RHB Luis Oliva 0-0: Ball
1-0: Called Strike
1-1: Ball
2-1: Ball
3-1: Base on Balls
Batting: LHB Dallas Ihde 0-0: Ball
1-0: Ball
2-0: Ball
3-0: Base on Balls
Luis Oliva to second
Batting: LHB Craig Morgan 0-0: Swinging Strike
0-1: SINGLE (Line Drive, 8LS)
Luis Oliva to third
Dallas Ihde to second
Batting: RHB Sigi Lang 0-0: SINGLE (Groundball, 5D)
Luis Oliva scores
Dallas Ihde to third
Craig Morgan to second
Runner from 3rd tries for Home, SAFE, no throw
Batting: RHB Jimbob Ghostkeeper 0-0: Called Strike
0-1: Foul Ball, location: 2F
0-2: Ball
1-2: DOUBLE (Flyball, 89D)
Craig Morgan scores
Sigi Lang to third
Batting: LHB Gabriel Amezquita 0-0: Ball
1-0: Fly out, F4 (Line Drive, 4M)
Lined into DP, U4 (Line Drive, 4M)
Batting: LHB Felipe Soto 0-0: Called Strike
0-1: Called Strike
0-2: Foul Ball, location: 2F
0-2: Ball
Wild Pitch!
Sigi Lang scores
1-2: Ball
2-2: Fly out, F7 (Flyball, 78S)
Top of the 3rd over - 4 runs, 3 hits, 0 errors, 0 left on base; Alaskan 6 - Hialeah 0
BOTTOM OF THE 3RD
Hialeah Dodos batting - Pitching for Alaskan Humpbacks : RHP Laurel Yanny
Batting: RHB Robert Emmet Odlum 0-0: SINGLE (Groundball, 2L) (infield hit)
Batting: SHB Luis Manuel Flores 0-0: Called Strike
0-1: Swinging Strike
0-2: Strikes out looking and he ARGUES THE CALL AND IS TOSSED!
Batting: RHB Stephen McManus 0-0: Called Strike
0-1: Ball
1-1: Fielders Choice at 2nd, 3-6 (Groundball, 3)
Batting: RHB Jorge Salgado 0-0: Ball
1-0: Ball
2-0: Ball
3-0: Called Strike
3-1: Ground out 4-3 (Groundball, 4)
Bottom of the 3rd over - 0 runs, 1 hit, 0 errors, 1 left on base; Alaskan 6 - Hialeah 0
TOP OF THE 4TH
Alaskan Humpbacks batting - Pitching for Hialeah Dodos : RHP Carlos Garza
Now at 1B: Armando García
Batting: RHB Jon Moon 0-0: Foul Ball, location: 2F
0-1: Called Strike
0-2: Ball
1-2: Foul Ball, location: 2F
1-2: SINGLE (Groundball, 4D)
Batting: RHB Lee Suárez 0-0: Ball
1-0: Ball
2-0: Grounds into double play, 5-4-3 (Groundball, 5L)
Batting: RHB Luis Oliva 0-0: Ball
1-0: Foul Ball, location: 2F
1-1: Fly out, F6 (Flyball, 6D)
Top of the 4th over - 0 runs, 1 hit, 0 errors, 0 left on base; Alaskan 6 - Hialeah 0
BOTTOM OF THE 4TH
Hialeah Dodos batting - Pitching for Alaskan Humpbacks : RHP Laurel Yanny
Batting: LHB Errol Levick 0-0: Called Strike
0-1: Swinging Strike
0-2: Ball
1-2: Strikes out swinging
Batting: RHB Owen Cannon 0-0: Foul Ball, location: 2F
0-1: Called Strike
0-2: Ball
1-2: Foul Ball, location: 2F
1-2: Ball
2-2: Strikes out swinging
Batting: RHB Aurelio Álvarez 0-0: Foul Ball, location: 2F
0-1: Ball
1-1: Ball
2-1: Ball
3-1: DOUBLE (Line Drive, 8LXD)
Batting: SHB Javier Gonzáles 0-0: Foul Ball, location: 2F
0-1: Ground out 5-3 (Groundball, 5)
Bottom of the 4th over - 0 runs, 1 hit, 0 errors, 1 left on base; Alaskan 6 - Hialeah 0
TOP OF THE 5TH
Alaskan Humpbacks batting - Pitching for Hialeah Dodos : RHP Carlos Garza
Batting: LHB Dallas Ihde 0-0: Called Strike
0-1: Ball
1-1: Ball
2-1: Foul Ball, location: 2F
2-2: Foul Ball, location: 2F
2-2: Fly out, F1 (Line Drive, 15)
Batting: LHB Craig Morgan 0-0: Ball
1-0: Called Strike
1-1: Ball
2-1: Fly out, F8 (Line Drive, 8LM)
Batting: RHB Sigi Lang 0-0: Ball
1-0: Called Strike
1-1: Ball
2-1: Foul Ball, location: 2F
2-2: Ball
3-2: Base on Balls
Batting: RHB Jimbob Ghostkeeper 0-0: Ball
1-0: Fielders Choice at 2nd, 5-4 (Groundball, 5)
Top of the 5th over - 0 runs, 0 hits, 0 errors, 1 left on base; Alaskan 6 - Hialeah 0
BOTTOM OF THE 5TH
Hialeah Dodos batting - Pitching for Alaskan Humpbacks : RHP Laurel Yanny
Batting: RHB Jack Head 0-0: Ball
1-0: Fly out, F7 (Flyball, 78D)
Batting: RHB Robert Emmet Odlum 0-0: Ball
1-0: Ball
2-0: Ball
3-0: Base on Balls
Batting: RHB Armando García 0-0: Ball
1-0: Ball
2-0: Ball
3-0: Called Strike
3-1: Foul Ball, location: 2F
3-2: Fly out, F9 (Flyball, 89D)
Batting: RHB Stephen McManus 0-0: Called Strike
0-1: Ball
1-1: Swinging Strike
1-2: SINGLE (Line Drive, 89M)
Robert Emmet Odlum to second
Runner from 2nd tries for 3rd, SAFE, throw made to third
Batting: RHB Jorge Salgado 0-0: Called Strike
0-1: Ball
1-1: Ball
2-1: Swinging Strike
2-2: Ball
3-2: Fly out, F9 (Flyball, 9LS)
Bottom of the 5th over - 0 runs, 1 hit, 0 errors, 2 left on base; Alaskan 6 - Hialeah 0
TOP OF THE 6TH
Alaskan Humpbacks batting - Pitching for Hialeah Dodos : RHP Carlos Garza
Batting: LHB Gabriel Amezquita 0-0: Ball
1-0: Ball
2-0: Foul Ball, location: 2F
2-1: Ball
3-1: Ground out U3 (Groundball, 34S)
Batting: LHB Felipe Soto 0-0: Ball
1-0: Called Strike
1-1: Called Strike
1-2: Foul Ball, location: 2F
1-2: Strikes out swinging
Batting: RHB Jon Moon 0-0: Called Strike
0-1: Ball
1-1: Swinging Strike
1-2: Fly out, F9 (Flyball, 9D)
Top of the 6th over - 0 runs, 0 hits, 0 errors, 0 left on base; Alaskan 6 - Hialeah 0
BOTTOM OF THE 6TH
Hialeah Dodos batting - Pitching for Alaskan Humpbacks : RHP Laurel Yanny
Pitching: RHP Sima Babic
Batting: LHB Errol Levick 0-0: Foul Ball, location: 2F
0-1: Foul Ball, location: 2F
0-2: SINGLE (Groundball, 34D)
Batting: RHB Owen Cannon 0-0: Ball
1-0: Ball
2-0: Ball
3-0: Called Strike
3-1: SINGLE (Line Drive, 89S)
Errol Levick to second
Batting: RHB Aurelio Álvarez 0-0: Swinging Strike
0-1: Called Strike
0-2: Strikes out looking
Batting: SHB Javier Gonzáles 0-0: Called Strike
0-1: Fly out, F8 (Flyball, 78D)
Batting: RHB Jack Head 0-0: Ball
1-0: Fielders Choice at 2nd, 6-4 (Groundball, 56)
Bottom of the 6th over - 0 runs, 2 hits, 0 errors, 2 left on base; Alaskan 6 - Hialeah 0
TOP OF THE 7TH
Alaskan Humpbacks batting - Pitching for Hialeah Dodos : RHP Carlos Garza
Pitching: RHP Alberto Robles
Batting: RHB Lee Suárez 0-0: Called Strike
0-1: Ball
1-1: Ball
2-1: Foul Ball, location: 2F
2-2: Ball
3-2: Base on Balls
Batting: RHB Luis Oliva 0-0: Ball
1-0: Swinging Strike
1-1: Foul Ball, location: 2F
1-2: Strikes out swinging
Batting: LHB Dallas Ihde 0-0: Ball
Lee Suárez steals 2nd base
1-0: Foul Ball, location: 2F
1-1: Ball
2-1: Swinging Strike
2-2: Foul Ball, location: 2F
2-2: Ball
3-2: SINGLE (Flyball, 78S)
Lee Suárez to third
Batting: LHB Craig Morgan 0-0: Called Strike
0-1: Ball
1-1: SINGLE (Line Drive, 34D)
Lee Suárez scores
Dallas Ihde to second
Runner from 2nd tries for 3rd, SAFE, throw made to third
Batting: RHB Sigi Lang 0-0: Foul Ball, location: 2F
0-1: Called Strike
0-2: Foul Ball, location: 2F
0-2: Foul Ball, location: 2F
0-2: Foul Ball, location: 2F
0-2: Ball
1-2: Ball
2-2: SINGLE (Line Drive, 5D)
Dallas Ihde scores
Craig Morgan to second
Batting: RHB Jimbob Ghostkeeper 0-0: Grounds into double play, 4-6-3 (Groundball, 4)
Top of the 7th over - 2 runs, 3 hits, 0 errors, 1 left on base; Alaskan 8 - Hialeah 0
BOTTOM OF THE 7TH
Hialeah Dodos batting - Pitching for Alaskan Humpbacks : RHP Sima Babic
Batting: RHB Robert Emmet Odlum 0-0: Called Strike
0-1: Swinging Strike
0-2: Fly out, F8 (Flyball, 78D)
Batting: RHB Armando García 0-0: Ball
1-0: Called Strike
1-1: Foul Ball, location: 2F
1-2: Ball
2-2: Foul Ball, location: 2F
2-2: DOUBLE (Groundball, 5L)
Batting: RHB Stephen McManus 0-0: Called Strike
0-1: Swinging Strike
0-2: Ball
1-2: Strikes out swinging
Batting: RHB Jorge Salgado 0-0: Ball
1-0: Foul Ball, location: 2F
1-1: Ball
2-1: Swinging Strike
2-2: Ball
3-2: Foul Ball, location: 2F
3-2: Ground out 1-3 (Groundball, P)
Bottom of the 7th over - 0 runs, 1 hit, 0 errors, 1 left on base; Alaskan 8 - Hialeah 0
TOP OF THE 8TH
Alaskan Humpbacks batting - Pitching for Hialeah Dodos : RHP Alberto Robles
Batting: LHB Gabriel Amezquita 0-0: Ball
1-0: Swinging Strike
1-1: Ground out 1-3 (Groundball, P)
Batting: LHB Felipe Soto 0-0: Ground out U3 (Groundball, 34)
Batting: RHB Jon Moon 0-0: Ball
1-0: SINGLE (Line Drive, 9LM)
Batting: RHB Lee Suárez 0-0: Swinging Strike
0-1: Ball
1-1: Foul Ball, location: 2F
1-2: Ball
2-2: Foul Ball, location: 2F
2-2: Fly out, F6 (Line Drive, 6M)
Top of the 8th over - 0 runs, 1 hit, 0 errors, 1 left on base; Alaskan 8 - Hialeah 0
BOTTOM OF THE 8TH
Hialeah Dodos batting - Pitching for Alaskan Humpbacks : RHP Sima Babic
Batting: LHB Errol Levick 0-0: Called Strike
0-1: Ball
1-1: Ball
2-1: Ball
3-1: Ground out 4-3 (Groundball, 4MD)
Batting: RHB Owen Cannon 0-0: Called Strike
0-1: Hit by Pitch
Batting: RHB Aurelio Álvarez 0-0: Called Strike
0-1: Called Strike
0-2: Ball
1-2: SINGLE (Flyball, 9LS)
Owen Cannon to second
Runner from 2nd tries for 3rd, SAFE, no throw
Batting: SHB Javier Gonzáles 0-0: Ball
1-0: Swinging Strike
1-1: Swinging Strike
1-2: Strikes out swinging
Batting: RHB Jack Head 0-0: Ball
1-0: Foul Ball, location: 2F
1-1: Called Strike
1-2: Foul Ball, location: 2F
1-2: Ball
2-2: Ball
3-2: Base on Balls
Aurelio Álvarez to second
Batting: RHB Robert Emmet Odlum 0-0: Ball
1-0: Ball
2-0: Called Strike
2-1: Foul Ball, location: 2F
2-2: Foul Ball, location: 2F
2-2: Ground out 1-3 (Groundball, 15S)
Bottom of the 8th over - 0 runs, 1 hit, 0 errors, 3 left on base; Alaskan 8 - Hialeah 0
TOP OF THE 9TH
Alaskan Humpbacks batting - Pitching for Hialeah Dodos : RHP Alberto Robles
Batting: RHB Luis Oliva 0-0: Ball
1-0: Foul Ball, location: 2F
1-1: Ball
2-1: Swinging Strike
2-2: Ball
3-2: Foul Ball, location: 2F
3-2: Base on Balls
Batting: LHB Dallas Ihde 0-0: SINGLE (Flyball, 89S)
Luis Oliva to second
Runner from 2nd tries for 3rd, SAFE, throw made to third
Dallas Ihde to second
Batting: LHB Craig Morgan 0-0: Foul Ball, location: 2F
0-1: Ball
1-1: Fly out, F9 (Flyball, 9LS)
Runner from 3rd tags up, OUT at HOME
Dallas Ihde to third
Batting: RHB Sigi Lang 0-0: Ball
1-0: Ball
2-0: Ball
3-0: Called Strike
3-1: Base on Balls
Batting: RHB Jimbob Ghostkeeper 0-0: Ball
1-0: Ball
2-0: Ball
3-0: Called Strike
3-1: Called Strike
3-2: SINGLE (Line Drive, 8LS)
Dallas Ihde scores
Sigi Lang to second
Sigi Lang to third
Batting: LHB Gabriel Amezquita 0-0: Ball
1-0: Ground out 4-3 (Groundball, 4)
Top of the 9th over - 1 run, 2 hits, 0 errors, 2 left on base; Alaskan 9 - Hialeah 0
BOTTOM OF THE 9TH
Hialeah Dodos batting - Pitching for Alaskan Humpbacks : RHP Sima Babic
Pitching: RHP Raneem Zogby
Batting: RHB Armando García 0-0: Called Strike
0-1: Ball
1-1: Ball
2-1: Foul Ball, location: 2F
2-2: Strikes out swinging
Batting: RHB Stephen McManus 0-0: Ball
1-0: Ball
2-0: Ground out 5-3 (Groundball, 56S)
Batting: RHB Jorge Salgado 0-0: Swinging Strike
0-1: SINGLE (Groundball, 4MD)
Batting: LHB Errol Levick 0-0: Swinging Strike
0-1: Called Strike
0-2: Foul Ball, location: 2F
0-2: Foul Ball, location: 2F
0-2: Strikes out swinging
Bottom of the 9th over - 0 runs, 1 hit, 0 errors, 1 left on base; Alaskan 9 - Hialeah 0
Friday, March 29th, 2019 - OOTP Baseball 18.8 Build 76